 Dungeon Crawl Stone Soup version 0.27-a0-686-gaed091b46b (webtiles) character file.

Game seed: 9776662611497826227

371 sahdkjhfkaj the Ruffian (level 6, 0/51 HPs)
             Began as a Draconian Transmuter on Mar 20, 2021.
             Slain by an orc priest
             ... wielding a +0 hand axe
              (4 damage)
             ... on level 5 of the Dungeon.
             The game lasted 00:02:59 (4693 turns).

sahdkjhfkaj the Ruffian (Draconian Transmuter)      Turns: 4693, Time: 00:02:59

Health: 0/51       AC:  2    Str: 13    XL:     6   Next: 42%
Magic:  8/10       EV: 20    Int: 14    God:
Gold:   98         SH:  0    Dex: 17    Spells: 7/11 levels left

rFire    . . .     SeeInvis .     - Unarmed
rCold    . . .     Faith    .   (shield currently unavailable)
rNeg     . . .     Spirit   .   (armour unavailable)
rPois    x         Reflect  .   (helmet currently unavailable)
rElec    .         Harm     .   (cloak currently unavailable)
rCorr    .         Rampage  .   (gloves currently unavailable)
Will     .....                  (boots currently unavailable)
Stlth    ++........             h - amulet of magic regeneration
HPRegen  0.17/turn              a - ring of wizardry
MPRegen  0.37/turn              (no ring)

@: spider-form
A: venomous fangs, AC +6, tiny, unfitting armour, (cold-blooded)
a: End Transformation


You were on level 5 of the Dungeon.
You were a venomous arachnid creature.
You visited 1 branch of the dungeon, and saw 5 of its levels.

You collected 98 gold pieces.

Inventory:

Armour
 i - a +0 pair of gloves (melded)
 m - a +0 cloak (melded)
Jewellery
 a - a ring of wizardry (right front leg)
 h - an amulet of magic regeneration (around neck)
 p - an amulet of guardian spirit
Scrolls
 b - a scroll of teleportation {unknown}
 e - a scroll of amnesia {unknown}
 f - a scroll of immolation {unknown}
 g - a scroll of noise {unknown}
 j - 2 scrolls of blinking {unknown}
 k - 2 scrolls of summoning {unknown}
 n - a scroll of identify {unknown}
 q - a scroll of holy word {unknown}
Potions
 c - 2 potions of curing
 d - a potion of berserk rage {unknown}
 l - a potion of heal wounds {unknown}
 o - a potion of haste {unknown}
 r - a potion of lignification {unknown}
 s - a potion of brilliance {unknown}
 t - a potion of flight {unknown}
 u - a potion of magic {unknown}


   Skills:
 + Level 3.5 Fighting
 + Level 2.7 Dodging
 + Level 4.3 Unarmed Combat
 - Level 3.0 Spellcasting
 - Level 3.0 Transmutations
 - Level 2.0 Poison Magic


You had 7 spell levels left.
You knew the following spells:

 Your Spells              Type           Power      Damage    Failure   Level
a - Beastly Appendage     Tmut           20%        N/A       7%          1
d - Spider Form           Tmut/Pois      4%         N/A       19%         3

Your spell library contained the following spells:

 Spells                   Type           Power      Damage    Failure   Level
 Wereblood                Tmut           10%        N/A       10%         2
 Animate Skeleton         Necr           4%         N/A       19%         1
 Apportation              Tloc           4%         N/A       19%         1
 Corona                   Hex            2%         N/A       19%         1
 Summon Small Mammal      Summ           8%         N/A       19%         1
 Ice Form                 Ice/Tmut       6%         N/A       58%         4
 Blade Hands              Tmut           5%         N/A       69%         5


Dungeon Overview and Level Annotations

Branches:
Dungeon (5/15)
 Temple: D:4-7

Altars:
Fedhas
Ru
Zin


Innate Abilities, Weirdness & Mutations

You are a venomous arachnid creature.
You have poisonous fangs.
You are tiny and dextrous.
Your spellcasting is less reliable in this form.
Your armour is entirely melded.
You are incapable of wielding weapons or throwing items.
((Your plain brown scales are hard. (AC +6)))
You cannot fit into any form of body armour.
((You are cold-blooded and may be slowed by cold attacks.))


Message History

You hit the orc priest but do no damage.
The orc barely misses you.
The orc priest hits you with a +0 hand axe.
You hit the orc priest.
The orc priest is heavily wounded.
The orc hits you with a +0 club.
The orc priest hits you with a +0 hand axe.
You are too injured to fight recklessly!
You are too injured to fight recklessly!
You are too injured to fight recklessly!
You are too injured to fight recklessly!
You are too injured to fight recklessly!
You are too injured to fight recklessly!
You are too injured to fight recklessly!
You are too injured to fight recklessly!
You are too injured to fight recklessly!
Unknown command.
Press < or > to pray at altars.
Okay, then.
Casting: Spider Form (dangerous; 9% risk of failure)
Confirm with . or Enter, or press ? or * to list all spells.
You turn into a venomous arachnid creature.
Your +0 cloak melds into your body.
Your +0 pair of gloves melds into your body.
An ice beast comes into view.
The quokka barely misses you. The orc closely misses you.
The orc priest hits you with a +0 hand axe!
* * * LOW HITPOINT WARNING * * *
You hit the orc priest but do no damage.
The orc priest is poisoned.
The orc priest is heavily wounded.
The quokka barely misses you. The orc barely misses you.
The orc priest mumbles some strange prayers to Beogh against you.
Beogh smites you!
* * * LOW HITPOINT WARNING * * *
It was a potion of curing.
You feel better. The quokka closely misses you.
The orc hits you with a +0 club.
* * * LOW HITPOINT WARNING * * *
The orc priest hits you with a +0 hand axe.
You die...

### ... #.# ##.## #
##...## ..
#.##.....##..>
#.#..or...#...
#.....so.Y..#
###.......#########
##.....## #.....#
##...## #....<#
##.## #.....+
#.######.....#
#.........)..#
#########..### ####


You could see an ice beast, an orc priest (very poisoned), an orc and a quokka.

Vanquished Creatures
  A centaur (D:5)
  A bullfrog skeleton (D:4)
  An iguana (D:4)
  Jessica (D:2)
  An orc wizard (D:4)
  10 adders
  An ooze (D:2)
  5 worms
  2 dart slugs
  A leopard gecko (D:1)
  5 orcs
  2 ball pythons
  8 bats
  4 giant cockroaches
  5 goblins
  6 hobgoblins
  5 jackals
  3 quokkas
  3 frilled lizards
  5 kobolds
  5 rats
75 creatures vanquished.

Notes
Turn   | Place    | Note
-------+----------+-------------------------------------------
     0 | D:1      | sahdkjhfkaj the Draconian Transmuter began the quest for
                  | the Orb.
     0 | D:1      | Reached XP level 1. HP: 16/16 MP: 3/3
   167 | D:1      | Reached XP level 2. HP: 21/24 MP: 3/5
  1076 | D:2      | Reached XP level 3. HP: 30/30 MP: 4/6
  1338 | D:2      | Learned a level 3 spell: Spider Form
  1615 | D:2      | Reached skill level 1 in Poison Magic
  1735 | D:2      | Noticed Jessica
  1755 | D:2      | Killed Jessica
  1756 | D:2      | Reached XP level 4. HP: 12/37 MP: 3/7
  2288 | D:2      | You fall into a shaft and drop 2 floors!
  2316 | D:4      | Reached XP level 5. HP: 36/42 MP: 7/9
  2456 | D:4      | Found the +3 salamander hide armour {Flames rF++ rC--}
  3527 | D:3      | Reached skill level 4 in Unarmed Combat
  4169 | D:4      | Found a sacrificial altar of Ru.
  4180 | D:4      | Reached XP level 6. HP: 49/51 MP: 10/10
  4410 | D:4      | Found a blossoming altar of Fedhas.
  4527 | D:5      | Entered Level 5 of the Dungeon
  4671 | D:5      | Found a glowing silver altar of Zin.
  4691 | D:5      | Noticed an ice beast
  4692 | D:5      | HP: 1/51 [orc priest/divine providence (10)]
  4693 | D:5      | Slain by an orc priest

Illustrated notes

Levels and vault maps discovered:
D:1:      co_arrival_square_in_a_square_in_a_square, layout_basic
D:2:      layout_basic, ebering_dispersal_statue_hall, grunt_ministairs_1,
          minmay_misc_feat_nine_boxes, minmay_door_square, minmay_tetromino_l4,
          uniq_jessica
D:3:      layout_loops_cross, portal_sewer_entry_c, kennysheep_generic_room_12
D:4:      layout_basic, general_overflow_altar,
          nicolae_ru_great_annihilating_truth
D:5:      layout_gridville, lemuel_round_altar, minmay_temple_entry_poolview,
          uniq_crazy_yiuf_cottage

Skill      XL: |  1  2  3  4  5 |
---------------+----------------+-----
Fighting       | 2 3 |  3.5
Poison Magic   | 1 2 |  2.0
Transmutations | 3 |  3.0
Spellcasting   | 3 |  3.0
Dodging        | 2 |  2.7
Unarmed Combat | 4 |  4.3

Action                   |  1- 3 |  4- 6 || total
-------------------------+-------+-------++-------
Melee: Unarmed           |    74 |   155 ||   229
       Kick              |    13 |    21 ||    34
       Headbutt          |    10 |    10 ||    20
       Tailslap          |     5 |     9 ||    14
       Punch             |     1 |       ||     1
 Cast: Beastly Appendage |    23 |    25 ||    48
       Spider Form       |     4 |    12 ||    16
  Use: Potion            |       |     1 ||     1
 Stab: Sleeping          |     1 |     2 ||     3
       Invisible         |       |     1 ||     1
Armor: Skin              |    17 |    32 ||    49
Dodge: Dodged            |    51 |   110 ||   161

Table legend: (Time is in decaauts)
 A = Elapsed time spent in this place.
 B = Non-inter-level travel time spent in this place.
 C = Inter-level travel time spent in this place.
 D = Time resting spent in this place.
 E = Time spent auto-exploring this place.
 F = Levels seen in this place.
 G = Mean time per level.
                   A        B        C        D        E       F      G
               +--------+--------+--------+--------+--------+-----+--------+
         Total |   4678 |   4568 |    110 |      0 |   3931 |   5 |  935.6 |
       Dungeon |   4678 |   4568 |    110 |      0 |   3931 |   5 |  935.6 |
               +--------+--------+--------+--------+--------+-----+--------+

Top non-repeatable levels by time:
     D:2: 1284 daAuts
     D:3: 1279 daAuts
     D:1: 1259 daAuts
     D:4: 690 daAuts
     D:5: 164 daAuts
